 Dungeon Crawl Stone Soup version 0.24.1-8-ga250c9d538 (webtiles) character file.

Game seed: 7184174367436088150, levelgen mode: deterministic

256 nightchill the Cudgeler (level 6, -3/37 HPs)
             Began as a Gargoyle Earth Elementalist on Apr 27, 2020.
             Hit by a javelin thrown by a gnoll (10 damage)
             ... on level 4 of the Dungeon.
             The game lasted 00:12:52 (4136 turns).

nightchill the Cudgeler (GrEE)                      Turns: 4136, Time: 00:12:52

Health: -3/37      AC: 10    Str: 14    XL:     6   Next: 15%
Magic:  9/9        EV: 10    Int: 15    God:
Gold:   175        SH:  0    Dex: 10    Spells: 6/9 levels left

rFire    . . .     SeeInvis .   s - +1 flail
rCold    . . .     Gourm    .   (no shield)
rNeg     + . .     Faith    .   i - +1 ring mail
rPois    ∞         Spirit   .   (no helmet)
rElec    +         Reflect  .   (no cloak)
rCorr    .         Harm     .   (no gloves)
MR       .....                  (no boots)
Stlth    +.........             (no amulet)
HPRegen  0.12/turn              (no ring)
MPRegen  0.11/turn              (no ring)

@: no status effects
A: negative energy resistance 1, electricity resistance, unbreathing,
petrification resistance, rot immunity, AC +4
a: no special abilities


You were on level 4 of the Dungeon.
You were not hungry.

You visited 1 branch of the dungeon, and saw 4 of its levels.

You collected 175 gold pieces.

Inventory:

Hand Weapons
 s - a +1 flail (weapon)
Missiles
 b - 95 stones
 g - 10 poisoned darts (quivered)
Armour
 i - a +1 ring mail (worn)
Jewellery
 t - an uncursed amulet of magic regeneration {unknown}
Scrolls
 c - a scroll of remove curse
 j - a scroll of enchant weapon
 m - a scroll of identify
 p - a scroll of teleportation {unknown}
 q - 2 scrolls of magic mapping {unknown}
 r - 2 scrolls of fog {unknown}
 x - a scroll of enchant armour
Potions
 a - 2 potions of berserk rage
 e - 4 potions of lignification {unknown}
 f - a potion of magic
 h - 2 potions of ambrosia {unknown}
 k - a potion of might {unknown}
 l - a potion of haste {unknown}
 n - a potion of flight
 o - 2 potions of curing {unknown}
 v - a potion of mutation {unknown}
 w - a potion of heal wounds {unknown}
 z - a potion of degeneration {unknown}
Comestibles
 d - 5 rations
 u - 6 chunks of flesh


   Skills:
 + Level 3.4 Fighting
 * Level 4.3 Maces & Flails
 - Level 1.5 Dodging
 - Level 2.1 Stealth
 - Level 2.0 Spellcasting
 - Level 0.7 Transmutations
 - Level 4.2 Earth Magic


You had 6 spell levels left.
You knew the following spells:

 Your Spells              Type           Power        Failure   Level  Hunger
a - Sandblast             Erth           ##....       9%          1    #......
b - Passwall              Tmut/Erth      #.......     26%         2    ###....

Your spell library contained the following spells:

 Spells                   Type           Power        Failure   Level  Hunger
 Stone Arrow              Conj/Erth      #.....       50%         3    ###....
 Petrify                  Tmut/Erth      #.......     86%         4    #####..
 Lee's Rapid Deconstruct  Erth           ##........   92%         5    ######.


Dungeon Overview and Level Annotations

Branches:
Dungeon (4/15)
 Temple: D:4-7

Altars:
Fedhas
Vehumet

Annotations:
D:2 exclusions: downstairs and oklob plant
D:3 1 runed translucent door, Xiguana's ghost, weakling VSCj


Innate Abilities, Weirdness & Mutations

You are resistant to torment.
Your stone body is resilient. (AC +4)
You are immune to poison.
You resist negative energy. (rN+)
You are resistant to electric shocks. (rElec)
You can survive without breathing.
You are immune to petrification.
You are immune to rotting.


Message History

The poisoned dart barely misses the gnoll.
The poisoned dart hits the gnoll.
The gnoll zaps a wand.
The puff of flame hits you but does no damage.
Throwing (i - inventory. (/) - cycle)
g - 12 poisoned darts (quivered)
Press: ? - help, Shift-Dir - straight line, f/p - gnoll
Aim: a gnoll, wielding a +0 whip You throw a poisoned dart.
The poisoned dart hits the gnoll.
The gnoll throws a javelin.
The javelin barely misses you.
Throwing (i - inventory. (/) - cycle)
g - 11 poisoned darts (quivered)
Press: ? - help, Shift-Dir - straight line, f/p - gnoll
Aim: a gnoll, wielding a +0 whip You throw a poisoned dart.
The poisoned dart closely misses the gnoll.
The poisoned dart hits the gnoll.
The gnoll is poisoned.
The gnoll zaps a wand.
The puff of flame hits you.
The gnoll zaps a wand.
The puff of flame hits you!
* * * LOW HITPOINT WARNING * * *
Okay, then.
The gnoll throws a javelin.
The javelin pierces through you!
You die...

...#.##
.##.#........#.....
#.##.##..#................
#..##....#................
#..g#...##.......###..#.##
#..(...###.......###..#..#
#(##..###........##.......
#÷######..........##....#.
#(gg.....(#..)..........##
#######..@#........##.....
#......)......#)..##.
#.............#...#..
##...............###.
###.###.......### ##
#.#......#### . #.....####
# ##.#### ###


You could see 2 gnolls.

Vanquished Creatures
  An orc wizard (D:3)
  A bullfrog skeleton (D:4)
  Jessica (D:3)
  4 gnolls
  3 adders
  2 oozes
  3 worms
  4 dart slugs
  5 leopard geckos
  3 orcs
  6 giant cockroaches
  6 goblins
  4 hobgoblins
  4 quokkas
  2 ball pythons
  A ball python skeleton (D:4)
  9 bats
  3 frilled lizards
  10 kobolds
  8 rats
80 creatures vanquished.

Vanquished Creatures (others)
  A goblin (D:3)
  A withered plant (D:3)
2 creatures vanquished.

Grand Total: 82 creatures vanquished

Notes
Turn   | Place    | Note
-------+----------+-------------------------------------------
     0 | D:1      | nightchill the Gargoyle Earth Elementalist began the quest
                  | for the Orb.
     0 | D:1      | Reached XP level 1. HP: 10/10 MP: 3/3
   366 | D:1      | Reached XP level 2. HP: 14/16 MP: 5/5
   455 | D:1      | Reached skill level 1 in Fighting
   589 | D:1      | Learned a level 2 spell: Passwall
   903 | D:1      | Reached skill level 1 in Maces & Flails
   913 | D:1      | Reached XP level 3. HP: 15/20 MP: 1/6
  1779 | D:2      | Reached XP level 4. HP: 8/26 MP: 3/7
  1996 | D:2      | Found a radiant altar of Vehumet.
  2274 | D:2      | Found a blossoming altar of Fedhas.
  2297 | D:2      | Noticed an oklob plant
  2912 | D:3      | Reached XP level 5. HP: 31/31 MP: 5/8
  3077 | D:3      | Found a runed translucent door.
  3077 | D:3      | Noticed Xiguana's ghost (weakling VSCj)
  3203 | D:3      | Noticed Jessica
  3208 | D:3      | Killed Jessica
  3718 | D:3      | Reached XP level 6. HP: 12/37 MP: 3/9
  4136 | D:4      | Hit by a javelin thrown by a gnoll

Levels and vault maps discovered:
D:1:      matt_arrival_diagonals, layout_basic
D:2:      layout_loops_cross, lemuel_doored_altar, first_ration, tgw_fedhas
D:3:      layout_rooms, gammafunk_ghost_grave, uniq_jessica
D:4:      layout_cave_pools, minmay_cupped

Skill      XL: |  1  2  3  4  5 |
---------------+----------------+-----
Earth Magic    | 4 |  4.2
Fighting       | 1 2 3 |  3.4
Maces & Flails | 1 2 3 4 |  4.3
Dodging        | |  1.5
Stealth        | |  2.1
Spellcasting   | |  2.0
Transmutations | |  0.7

Action                   |  1- 3 |  4- 6 || total
-------------------------+-------+-------++-------
Melee: Dagger            |    54 |       ||    54
       Unarmed           |    19 |       ||    19
       Club              |   123 |    32 ||   155
       Flail             |       |    72 ||    72
Throw: Dart              |       |     9 ||     9
 Cast: Sandblast         |    13 |    41 ||    54
  Use: Scroll            |     3 |     3 ||     6
  Eat: Chunk             |     3 |     9 ||    12
Armor: Robe              |    13 |       ||    13
       Ring mail         |    97 |    91 ||   188
Dodge: Dodged            |   129 |   103 ||   232
